[ AOE2 MATCH · #484189529 ]
UnrankedBulgarians vs Magyars
[ REPLAY ANALYSIS · EXTRACTED FROM THE RECORDED GAME ]
Feudal
—
Castle
—
Imperial
—
| APM avg | 13.7 |
| APM peak | 9 |
| eAPM avg | 10.7 |
| Villagers / military | 2 / 0 |
Focus
⚔️ 0.0% · 🌾 100.0%
Feudal
—
Castle
—
Imperial
—
| APM avg | 41.1 |
| APM peak | 27 |
| eAPM avg | 15.2 |
| Villagers / military | 2 / 0 |
Focus
⚔️ 0.0% · 🌾 100.0%
Feudal
—
Castle
—
Imperial
—
| APM avg | 15.2 |
| APM peak | 10 |
| eAPM avg | 15.2 |
| Villagers / military | 2 / 0 |
Focus
⚔️ 0.0% · 🌾 100.0%
Feudal
—
Castle
—
Imperial
—
| APM avg | 21.3 |
| APM peak | 14 |
| eAPM avg | 19.8 |
| Villagers / military | 5 / 0 |
Focus
⚔️ 0.0% · 🌾 100.0%
Feudal
—
Castle
—
Imperial
—
| APM avg | 22.9 |
| APM peak | 15 |
| eAPM avg | 18.3 |
| Villagers / military | 4 / 0 |
Focus
⚔️ 0.0% · 🌾 100.0%
Feudal
—
Castle
—
Imperial
—
| APM avg | 12.2 |
| APM peak | 8 |
| eAPM avg | 10.7 |
| Villagers / military | 2 / 0 |
Focus
⚔️ 0.0% · 🌾 100.0%
Match map
Initial resources + every placement click. Lines = walls · curves = elevation contours. ◆ gold · ⬟ stone · ● berries · ✦ relic · ◌ wall gap
Your base
ArA_666's base
Bělohoubek's base
mikulas.ferjencik's base
ladek23's base
BulldokCZE's base
Smoothed initial terrain · ◌ = detected wall gap · hover for details
Inputs per minute
— Punkie - - ArA_666
Build order — Punkie
4 actions detected in the replay
| 0:05 | Build | House |
| 0:06 | Build | House |
| 0:18 | Create | Villager (Male) |
| 0:18 | Create | Villager (Male) |
Build order — ArA_666
4 actions detected in the replay
| 0:01 | Create | Villager (Male) |
| 0:01 | Create | Villager (Male) |
| 0:03 | Build | House |
| 0:06 | Build | House |
Build order — Bělohoubek
3 actions detected in the replay
| 0:06 | Build | House |
| 0:10 | Create | Villager (Male) |
| 0:10 | Create | Villager (Male) |
Build order — mikulas.ferjencik
7 actions detected in the replay
| 0:04 | Create | Villager (Male) |
| 0:04 | Create | Villager (Male) |
| 0:04 | Create | Villager (Male) |
| 0:04 | Create | Villager (Male) |
| 0:05 | Create | Villager (Male) |
| 0:15 | Build | House |
| 0:19 | Build | House |
Build order — ladek23
7 actions detected in the replay
| 0:02 | Research | Loom |
| 0:03 | Create | Villager (Male) |
| 0:03 | Create | Villager (Male) |
| 0:04 | Create | Villager (Male) |
| 0:04 | Create | Villager (Male) |
| 0:09 | Build | House |
| 0:15 | Build | House |
Build order — BulldokCZE
3 actions detected in the replay
| 0:01 | Create | Villager (Male) |
| 0:01 | Create | Villager (Male) |
| 0:04 | Build | House |
Match timeline
| 0:12 | BulldokCZE · resign |
[ AI ANALYSIS · 1 CREDIT ]
What really happened in this match?
Wolo.gg analyzes every decision: build order, eco, micro, common mistakes by bracket. Personalized analysis on WhatsApp or Discord in 30 seconds.
Civ guide
Bulgarians
Perfil
Jugador #4294059